 Dungeon Crawl Stone Soup version 0.30-a0-639-g3916f1956a (webtiles) character file.

Game seed: 12603407105847905563

96 acebull12 the Cudgeller (level 4, -1/35 HPs)
             Began as a Demonspawn Monk on Jan 16, 2023.
             Hit by a boomerang thrown by an orc (6 damage)
             ... on level 3 of the Dungeon.
             The game lasted 00:02:58 (1719 turns).

acebull12 the Cudgeller (Demonspawn Monk)           Turns: 1719, Time: 00:02:58

Health: -1/35      AC:  5    Str: 14    XL:     4   Next: 41%
Magic:  4/4        EV: 11    Int: 11    God:
Gold:   120        SH:  0    Dex: 17    Spells: 3/3 levels left

rFire   . . .      SeeInvis .    a - +0 mace
rCold   . . .      Faith    .    (no shield)
rNeg    . . .      Spirit   .    e - +0 ring mail
rPois   .          Reflect  .    (no helmet)
rElec   .          Harm     .    (no cloak)
rCorr   .          Rampage  .    (no gloves)
Will    .....                    (no boots)
Stlth   ++                       (no amulet)
HPRegen 0.25/turn                (no ring)
MPRegen 0.09/turn                (no ring)

@: no status effects
A: thin skeletal structure 1, ignite blood 1
a: no special abilities


You were on level 3 of the Dungeon.
You visited 1 branch of the dungeon, and saw 3 of its levels.

You collected 120 gold pieces.

Inventory:

Hand Weapons
 a - a +0 mace (weapon)
Missiles
 l - 7 stones (quivered)
Armour
 e - a +0 ring mail (worn)
Scrolls
 b - 2 scrolls of identify {unknown}
 d - a scroll of poison {unknown}
 f - a scroll of enchant weapon {unknown}
 h - 4 scrolls of immolation {unknown}
 k - 4 scrolls of teleportation {unknown}
 p - a scroll of vulnerability {unknown}
 r - a scroll of torment {unknown}
Potions
 c - a potion of ambrosia
 g - 2 potions of invisibility {unknown}
 i - 2 potions of attraction {unknown}
 j - a potion of heal wounds {unknown}
 m - a potion of lignification {unknown}
 n - 2 potions of curing {unknown}
 o - a potion of haste {unknown}
 q - a potion of might {unknown}


   Skills:
 + Level 3.3 Fighting
 * Level 3.7 Maces & Flails
 * Level 1.5 Armour
 + Level 3.0 Dodging
 + Level 2.0 Stealth


You had 3 spell levels left.
You didn't know any spells.
Your spell library contained the following spells:

 Spells                   Type           Power      Damage    Failure   Level
 Freeze                   Ice            0%         1d3       58%         1
 Frozen Ramparts          Ice            0%         1d1       91%         3
 Hailstorm                Conj/Ice       0%         3d3       91%         3


Dungeon Overview and Level Annotations

Branches:
Dungeon (3/15)

Altars:


Innate Abilities, Weirdness & Mutations

You have a somewhat thin skeletal structure. (Dex +2, Stealth+)
Your demonic aura sometimes causes spilled blood to erupt in flames.


Message History

The magic dart hits you.
You hit the orc wizard but do no damage.
The orc wizard is almost dead.
You barely miss the orc.
The orc is lightly wounded.
The orc wizard hits you but does no damage.
The orc hits you with a +0 falchion.
You closely miss the orc wizard.
The orc wizard is almost dead.
The orc hits you from afar with a +0 trident.
The orc wizard closely misses you. The orc hits you with a +0 falchion.
* * * LOW HITPOINT WARNING * * *
You closely miss the orc wizard.
The orc wizard is almost dead.
The orc barely misses you.
The orc wizard gestures wildly while chanting.
The orc wizard flickers and vanishes!
Deactivating autopickup; reactivate with Ctrl-A.
The orc barely misses you.
You hit something but do no damage. The orc closely misses you.
Something hits you but does no damage. The orc closely misses you.
The orc hits you but does no damage. The orc hits you with a +0 falchion.
* * * LOW HITPOINT WARNING * * *
Something hits you.
* * * LOW HITPOINT WARNING * * *
The orc attacks as you move away! The orc hits you but does no damage.
Something hits you but does no damage. Something hits you.
* * * LOW HITPOINT WARNING * * *
You barely miss something. Something hits you but does no damage.
You hit something but do no damage. Something hits you.
* * * LOW HITPOINT WARNING * * *
You sock something!
Reactivating autopickup.
You feel a bit more experienced. The orc barely misses you.
Your Stealth skill increases to level 2!
The orc throws a boomerang.
The boomerang hits you but does no damage.
The orc throws a boomerang.
The boomerang hits you.
You die...

#....# #.##.###.#
#..# #.o.)...#...
#..########..PP..$.
#...o.oo..)♣♣P...#.
#†#o######.♣ ♣P...
#.#.# #P♣ . #.#.#
#.♣♣
###.#.######..♣
#...@.........♣
#......######.....#
#..<...# ###.#.
#..<...# #.#...##
#.#..## #.#..#
#.#..# #.#..#


You could see 2 orcs.

Vanquished Creatures
  An orc wizard (D:3)
  An adder (D:3)
  2 dart slugs (D:1)
  An orc (D:3)
  5 ball pythons
  6 bats
  5 endoplasms
  3 giant cockroaches
  A goblin (D:2)
  5 hobgoblins
  8 jackals
  2 quokkas (D:1)
  A frilled lizard (D:1)
  6 kobolds
  4 rats (D:1)
51 creatures vanquished.

Vanquished Creatures (others)
  2 plants (D:3)
2 creatures vanquished.

Grand Total: 53 creatures vanquished

Notes
Turn   | Place    | Note
-------+----------+-------------------------------------------
     0 | D:1      | acebull12 the Demonspawn Monk began the quest for the Orb.
     0 | D:1      | Reached XP level 1. HP: 18/18 MP: 1/1
   186 | D:1      | Gained mutation: You have a somewhat thin skeletal
                  | structure. (Dex +2, Stealth+) [demonic ancestry]
   186 | D:1      | Reached XP level 2. HP: 21/24 MP: 2/2
   446 | D:1      | Reached XP level 3. HP: 29/29 MP: 3/3
   759 | D:1      | Found a faded altar of an unknown god.
   921 | D:2      | Reached skill level 1 in Armour
  1618 | D:3      | Gained mutation: Your demonic aura sometimes causes spilled
                  | blood to erupt in flames. [demonic ancestry]
  1618 | D:3      | Reached XP level 4. HP: 35/35 MP: 4/4
  1719 | D:3      | Hit by a boomerang thrown by an orc

Illustrated notes

Levels and vault maps discovered:
D:1:      dpeg_arrival_line_fractal, layout_loops_ring,
          ebering_ecumenical_altar_hall
D:2:      layout_loops_ring
D:3:      layout_loops_ring, serial_forest, infiniplex_forest_lined_corner,
          infiniplex_forest_corner_1, infiniplex_forest_clump_curved,
          infiniplex_forest_corner_2, infiniplex_forest_clump_medium,
          infiniplex_forest_join, infiniplex_forest_clump_long,
          infiniplex_forest_clump_small, kennysheep_generic_room_13

Skill      XL: |  1  2  3  4 |
---------------+-------------+-----
Maces & Flails | 3 |  3.7
Armour         | 1 |  1.5
Dodging        | 3 |  3.0
Stealth        | 2 |  2.0
Fighting       | |  3.3

Action                   |  1- 3 |  4- 6 || total
-------------------------+-------+-------++-------
Melee: Mace              |   159 |    22 ||   181
       Punch             |     1 |       ||     1
 Stab: Sleeping          |     6 |     1 ||     7
Armor: Ring mail         |    93 |    13 ||   106
Dodge: Dodged            |   115 |     9 ||   124

Table legend: (Time is in decaauts)
 A = Elapsed time spent in this place.
 B = Non-inter-level travel time spent in this place.
 C = Inter-level travel time spent in this place.
 D = Time resting spent in this place.
 E = Time spent auto-exploring this place.
 F = Levels seen in this place.
 G = Mean time per level.
                   A        B        C        D        E       F      G
               +--------+--------+--------+--------+--------+-----+--------+
         Total |   1762 |   1650 |    112 |      0 |   1190 |   3 |  587.3 |
       Dungeon |   1762 |   1650 |    112 |      0 |   1190 |   3 |  587.3 |
               +--------+--------+--------+--------+--------+-----+--------+

Top non-repeatable levels by time:
     D:1: 922 daAuts
     D:2: 731 daAuts
     D:3: 108 daAuts
